 Dungeon Crawl Stone Soup version 0.24-a0-487-g57318f2ed0 (webtiles) character file.

Game seed: 8494430923200619476

1963 Gynju the Conjurer (level 9, -1/71 HPs)
             Began as a Yellow Draconian Conjurer on July 10, 2019.
             Was a Follower of Vehumet.
             Succumbed to a hornet's poison
             ... on level 7 of the Dungeon.
             The game lasted 00:21:33 (9936 turns).

Gynju the Conjurer (Yellow Draconian Conjurer)      Turns: 9936, Time: 00:21:33

Health: -1/71      AC: 12    Str: 12    XL:     9   Next: 0%
Magic:  2/18       EV: 13    Int: 18    God:    Vehumet [*.....]
Gold:   250        SH:  0    Dex: 11    Spells: 15/20 levels left

rFire    . . .     SeeInvis .   z - +1 whip (elec)
rCold    . . .     Gourm    .   (no shield)
rNeg     . . .     Faith    .   (armour unavailable)
rPois    .         Spirit   .   (helmet restricted)
rElec    .         Reflect  .   w - scarf {cloud immunity}
rCorr    +         Harm     .   e - +1 pair of gloves
MR       +....                  v - +2 pair of boots
Stlth    ++........             (no amulet)
HPRegen  0.21/turn              g - ring of protection from magic
MPRegen  0.16/turn              (no ring)

@: lethally poisoned (-1 -> -14), very slightly contaminated, slowed, very slow
A: spit acid, unfitting armour, cold-blooded, acid resistance, AC +7
a: Breathe Acid, Renounce Religion


You were on level 7 of the Dungeon.
You worshipped Vehumet.
Vehumet was aware of your devotion.
You were hungry.

You visited 2 branches of the dungeon, and saw 9 of its levels.

You collected 250 gold pieces.

Inventory:

Hand Weapons
 b - a +0 hunting sling
 z - a +1 whip of electrocution (weapon)
Missiles
 d - 267 stones (quivered)
Armour
 e - a +1 pair of gloves (worn)
 v - a +2 pair of boots (worn)
 w - a scarf of cloud immunity (worn)
Jewellery
 f - an uncursed ring of fire
 g - a ring of protection from magic (left hand)
Wands
 r - a wand of clouds (5)
Scrolls
 a - a scroll of fog
 c - 3 scrolls of magic mapping
 i - 3 scrolls of amnesia
 m - 4 scrolls of remove curse
 n - a scroll of immolation
 o - 3 scrolls of teleportation
 y - a scroll of silence
Potions
 h - a potion of flight
 j - a potion of might
 k - 4 potions of curing
 l - a potion of magic
 p - 2 potions of heal wounds
 s - 2 potions of mutation
 t - a potion of brilliance
 u - a potion of lignification
 A - a potion of degeneration {unknown}
 B - 2 potions of haste {unknown}
Comestibles
 q - 17 rations
 x - 5 chunks of flesh


   Skills:
 + Level 4.1 Fighting
 + Level 3.0 Maces & Flails
 + Level 3.9 Dodging
 + Level 4.2 Stealth
 - Level 6.0 Spellcasting
 - Level 7.5 Conjurations


You had 15 spell levels left.
You knew the following spells:

 Your Spells              Type           Power        Failure   Level  Hunger
a - Magic Dart            Conj           ####         1%          1    None
b - Iskenderun's Mystic   Conj           ####....     5%          4    ####...

Your spell library contained the following spells:

 Spells                   Type           Power        Failure   Level  Hunger
 Freeze                   Ice            #...         12%         1    None
 Searing Ray              Conj           ####..       1%          2    None
 Dazzling Spray           Conj/Hex       ###...       8%          3    ##.....
 Animate Skeleton         Necr           N/A          12%         1    None
 Apportation              Tloc           #.....       12%         1    None
 Confusing Touch          Hex            #.....       12%         1    None
 Summon Small Mammal      Summ           #...         12%         1    None
 Force Lance              Conj/Tloc      ###.....     26%         4    ####...
 Fulminant Prism          Conj/Hex       ###.......   26%         4    ####...
 Confuse                  Hex            #.......     34%         3    ##.....
 Gell's Gravitas          Tloc           #.........   34%         3    ##.....
 Petrify                  Tmut/Erth      #.......     75%         4    ####...
 Metabolic Englaciation   Hex/Ice        #.........   97%         5    #####..
 Yara's Violent Unravell  Hex/Tmut       #.........   97%         5    #####..


Dungeon Overview and Level Annotations

Branches:
Dungeon (8/15)             Temple (1/1) D:6
   Lair: D:8-11

Altars:
Cheibriados
Dithmenos
Elyvilon
Gozag
Hepliaklqana
Kikubaaqudgha
Nemelex Xobeh
Okawaru
Qazlal
Ru
Sif Muna
Trog
Uskayaw
Vehumet
Wu Jian
Xom
Yredelemnul
Zin

Shops:
D:6 }

Annotations:
D:7 1 runed translucent door, Elric's ghost, novice OgTm


Innate Abilities, Weirdness & Mutations

You can spit globs of acid.
Your golden yellow scales are hard. (AC +7)
You cannot fit into any form of body armour.
You are cold-blooded and may be slowed by cold attacks.
You are resistant to acid. (rCorr)


Message History

You feel sick. The hornet barely misses you.
The orc hits you but does no damage.
You can move again.
You completely miss the hornet.
The hornet is heavily wounded.
You feel sick. The hornet closely misses you. The orc barely misses you.
The hornet closely misses you.
You barely miss the hornet.
You tail-slap the hornet, but do no damage.
The hornet is heavily wounded.
You feel sick. The hornet misses you. The orc hits you.
* * * LOW HITPOINT WARNING * * *
The hornet stings you!
* * * LOW HITPOINT WARNING * * *
You are more poisoned.
You suddenly lose the ability to move!
The orc hits you but does no damage.
You can move again.
You hit the hornet but do no damage.
The hornet is heavily wounded.
You die...

..# ###...[........#.#..### ..#
#...#######.##.........
..#########.### #...#..#...##
............# ###...##.#..#
......####### #...####.##..
.......## ##.#..###.##..
.....).<# ##..##..##.##..
..[.....# ######..####.##.##..
........######..@y...............
...............o....#######.#.#..
..........<.######### #...#..
........##### #####.. ........#
### ........# ......(.# ........#
.......##


You could see a hornet and an orc.

Vanquished Creatures
  Prince Ribbit (D:5)
  A black bear (D:6)
  An ice beast (D:6)
  A hornet zombie (D:7)
  An orc warrior (D:7)
  2 ogres (D:6)
  A necrophage (D:7)
  A howler monkey (D:2)
  2 crimson imps
  A centaur skeleton (D:7)
  2 jellies (D:7)
  2 hounds
  9 orc priests
  6 orc wizards
  5 worker ants
  Terence (D:2)
  A hound skeleton (D:7)
  8 adders
  8 gnolls
  2 worms (D:2)
  3 dart slugs
  4 leopard geckos
  25 orcs
  3 ball pythons
  10 bats
  5 giant cockroaches
  8 goblins
  6 hobgoblins
  2 jackals (D:1)
  6 quokkas
  2 frilled lizards (D:1)
  8 kobolds
  A leopard gecko zombie (D:5)
  A quokka skeleton (D:6)
  A quokka zombie (D:6)
  3 rats (D:1)
144 creatures vanquished.

Notes
Turn   | Place    | Note
-------+----------+-------------------------------------------
     0 | D:1      | Gynju the Draconian Conjurer began the quest for the Orb.
     0 | D:1      | Reached XP level 1. HP: 14/14 MP: 3/3
   182 | D:1      | Reached XP level 2. HP: 20/20 MP: 1/5
   754 | D:1      | Reached XP level 3. HP: 26/26 MP: 1/7
  1329 | D:2      | Reached skill level 5 in Conjurations
  1329 | D:2      | Reached XP level 4. HP: 33/33 MP: 0/8
  1335 | D:2      | Learned a level 4 spell: Iskenderun's Mystic Blast
  1617 | D:2      | Reached XP level 5. HP: 38/38 MP: 2/10
  1901 | D:2      | Noticed Terence
  1914 | D:2      | Killed Terence
  3367 | D:3      | Reached XP level 6. HP: 18/45 MP: 2/12
  3823 | D:3      | Reached skill level 6 in Conjurations
  3983 | D:3      | Found a radiant altar of Vehumet.
  4265 | D:3      | Became a worshipper of Vehumet
  5045 | D:4      | Reached skill level 5 in Spellcasting
  5218 | D:5      | Entered Level 5 of the Dungeon
  5220 | D:5      | Noticed Prince Ribbit
  5283 | D:5      | Your scales start taking on a golden yellow colour.
  5283 | D:5      | Reached XP level 7. HP: 50/50 MP: 7/14
  5283 | D:5      | Gained mutation: You are resistant to acid. (rCorr) [Yellow
                  | Draconian growth]
  6413 | D:4      | Reached skill level 7 in Conjurations
  6710 | D:5      | Killed Prince Ribbit
  7286 | D:6      | Reached skill level 1 in Fighting
  7391 | D:6      | Reached XP level 8. HP: 33/60 MP: 4/17
  7618 | D:6      | Found a bloodstained altar of Trog.
  7718 | D:6      | Found a staircase to the Ecumenical Temple.
  7728 | Temple   | Entered the Ecumenical Temple
  8062 | D:6      | Found Deoli's Gadget Shoppe.
  8344 | D:6      | Found an opulent altar of Gozag.
  8381 | D:6      | Reached * piety under Vehumet
  8381 | D:6      | Offered knowledge of Freeze by Vehumet.
  8381 | D:6      | Reached skill level 1 in Maces & Flails
  9124 | D:7      | Found a runed translucent door.
  9125 | D:7      | Found a shimmering altar of Xom.
  9125 | D:7      | Noticed Elric's ghost (novice OgTm)
  9126 | D:7      | Noticed a +0 long sword of chaos
  9828 | D:7      | Reached XP level 9. HP: 70/71 MP: 18/18
  9920 | D:8      | Paralysed by a hornet for 3 turns
  9931 | D:7      | Paralysed by a hornet for 3 turns
  9935 | D:7      | HP: 1/71 [hornet (11)]
  9935 | D:7      | Paralysed by a hornet for 1 turns
  9936 | D:7      | Succumbed to a hornet's poison

Levels and vault maps discovered:
D:1:      onia_arrival_mini_spirals, layout_rooms
D:2:      layout_basic, first_ration, uniq_terence
D:3:      layout_loops_ring, vehumet_crystals, chequers_jeans
D:4:      layout_loops_ring
D:5:      layout_loops_ring, uniq_prince_ribbit1
D:6:      layout_loops_ring, nicolae_gozag_seed_capital,
          minmay_temple_entry_statues_pillars, serial_shops, shop, bloody_trog
D:7:      layout_rooms, ebering_ghost_xom
D:8:      layout_rooms, old_standard_altar, lair_entry_dummy, the_bakery
Temple:   eino_temple_scatter_basement

Skill      XL: |  1  2  3  4  5  6  7  8 |
---------------+-------------------------+-----
Spellcasting   | 3 4 5 6 |  6.0
Conjurations   | 5 6 7 |  7.5
Stealth        | 2 4 |  4.2
Dodging        | 2 3 |  3.9
Fighting       | 1 4 |  4.1
Maces & Flails | 3 |  3.0

Action                   |  1- 3 |  4- 6 |  7- 9 || total
-------------------------+-------+-------+-------++-------
Melee: Dagger            |    19 |       |       ||    19
       Unarmed           |     2 |       |       ||     2
       Tailslap          |     1 |     1 |     6 ||     8
       Whip              |     5 |    13 |    63 ||    81
 Cast: Magic Dart        |    67 |   169 |   213 ||   449
       Iskenderun's Myst |       |     2 |    22 ||    24
  Use: Scroll            |       |    17 |     8 ||    25
       Potion            |       |       |     4 ||     4
  Eat: Chunk             |     1 |    13 |    17 ||    31
Armor: Skin              |    10 |     9 |    57 ||    76
Dodge: Dodged            |    20 |    29 |   119 ||   168

Table legend:
 A = Non-vault XP
 B = Vault XP
 C = Vault XP percentage of total XP
 D = Non-vault monster count
 E = Vault monster count
 F = Vault count percentage of total count
                 A         B        C        D         E       F
            +---------+---------+-------+---------+---------+-------
      Total |    2482 |     323 |  11.5 |     142 |       2 |   1.4
            +---------+---------+-------+---------+---------+-------
        D:1 |      66 |       0 |   0.0 |      30 |       0 |   0.0
        D:2 |     216 |      32 |  12.9 |      23 |       1 |   4.2
        D:3 |     214 |       0 |   0.0 |      19 |       0 |   0.0
        D:4 |     286 |       0 |   0.0 |      16 |       0 |   0.0
        D:5 |     178 |     291 |  62.0 |      13 |       1 |   7.1
        D:6 |     740 |       0 |   0.0 |      24 |       0 |   0.0
        D:7 |     782 |       0 |   0.0 |      17 |       0 |   0.0
            +---------+---------+-------+---------+---------+-------
